 Dungeon Crawl Stone Soup version 0.19-a0-1670-gc28a5d9 (webtiles) character file.

119 st0uf the Skirmisher (level 5, -2/51 HPs)
             Began as a Gargoyle Berserker on Sept 21, 2016.
             Was a Believer of Trog.
             Killed by divine providence
             ... invoked by an orc priest
              (11 damage)
             ... on level 3 of the Dungeon.
             The game lasted 00:07:14 (1853 turns).

st0uf the Skirmisher (Gargoyle Berserker)           Turns: 1853, Time: 00:07:14

Health: -2/51      AC:  7    Str: 26    XL:     5   Next: 3%
Magic:  5/5        EV: 12    Int:  8    God:    Trog [**....]
Gold:   121        SH:  0    Dex:  9    Spells: 0 memorised, 4 levels left

rFire  . . .     SeeInvis .     a - +0 mace
rCold  . . .     Gourm    .     b - +0 animal skin
rNeg   + . .     Faith    .     (no shield)
rPois  ∞         Spirit   .     (no helmet)
rElec  +         Dismiss  .     (no cloak)
rCorr  .         Reflect  .     q - +0 pair of gloves
MR     .....     Harm     .     (no boots)
Stlth  ..........               (no amulet)
                                (no ring)
                                (no ring)

@: berserking (expiring), very quick
A: negative energy resistance 1, electricity resistance, unbreathing,
petrification resistance, rot immunity, AC +4
a: Berserk, Trog's Hand, Burn Spellbooks, Renounce Religion


You were on level 3 of the Dungeon.
You worshipped Trog.
Trog was pleased with you.
You were hungry.

You visited 1 branch of the dungeon, and saw 3 of its levels.

You collected 121 gold pieces.

Inventory:

Hand Weapons
 a - a +0 mace (weapon)
Armour
 b - a +0 animal skin (worn)
 q - a +0 pair of gloves (worn)
Wands
 l - a wand of slowing (31/48)
 p - a wand of disintegration (12/24)
Scrolls
 d - a scroll of immolation {unknown}
 g - 2 scrolls of teleportation {unknown}
 h - a scroll of recharging {unknown}
 k - a scroll of remove curse {unknown}
 n - a scroll of identify {unknown}
Potions
 e - 2 potions of heal wounds {unknown}
 f - a potion of agility {unknown}
 j - 2 potions of curing {unknown}
Comestibles
 c - a bread ration
 i - 5 chunks of flesh
 m - 3 beef jerkies
 o - 3 fruits


   Skills:
 * Level 4.5 Fighting
 + Level 3.6 Maces & Flails
 + Level 3.1 Armour
 + Level 2.2 Dodging


You had 4 spell levels left.
You didn't know any spells.

Dungeon Overview and Level Annotations

Branches:
Dungeon (3/15)

Altars:
Ashenzari


Innate Abilities, Weirdness & Mutations

You are resistant to torment.
Your stone body is resilient. (AC +4)
You are immune to poison.
You resist negative energy. (rN+)
You are resistant to electric shocks. (rElec)
You can survive without breathing.
You are immune to petrification.
You are immune to rotting.


Message History

Trog accepts your kill.
You have reached level 5!
The orc priest invokes the aid of Beogh against you.
Beogh smites you!
Things that are here:
a trident; a leather armour You barely miss the orc.
The orc closely misses you.
The orc priest mumbles some strange prayers to Beogh against you.
Beogh smites you!
* * * LOW HITPOINT WARNING * * *
Unknown command.
You hit the orc.
The orc is almost dead.
The orc hits you but does no damage.
You sock the orc!
You kill the orc!
Trog accepts your kill.
The orc priest invokes the aid of Beogh against you.
Beogh smites you!
You die...

#############################
#...........(# #.##########.#
#.# #.# #.# #.# #.# #.# #.#
#.# #.# #.# #.# #@# #.# #)#
#.# #.# #####.# #o# ......#
#o# ####### #.# #.# #.#


You could see 2 orc priests.

Vanquished Creatures
  An iguana (D:3)
  3 adders
  A worm (D:3)
  3 leopard geckos
  4 orcs (D:3)
  4 ball pythons
  4 giant cockroaches
  7 goblins
  3 hobgoblins
  A jackal (D:1)
  2 quokkas
  6 bats
  2 frilled lizards
  7 kobolds
  5 rats
53 creatures vanquished.

Notes
Turn   | Place    | Note
-------+----------+-------------------------------------------
     0 | D:1      | st0uf the Gargoyle Berserker began the quest for the Orb.
     0 | D:1      | Reached XP level 1. HP: 14/14 MP: 1/1
   220 | D:1      | Reached XP level 2. HP: 17/19 MP: 2/2
   430 | D:1      | Reached XP level 3. HP: 16/24 MP: 3/3
   791 | D:2      | Reached ** piety under Trog
  1119 | D:2      | Reached skill level 4 in Fighting
  1276 | D:2      | Reached XP level 4. HP: 24/29 MP: 4/4
  1552 | D:3      | Found a shattered altar of Ashenzari.
  1849 | D:3      | Reached XP level 5. HP: 33/34 MP: 5/5
  1853 | D:3      | Killed from afar by an orc priest

Vault maps used:
D:1:      erik_arrival_cave_to_civilisation, corexii_corridor_pit,
          minmay_misc_feat_square, st_stairs_11
D:3:      ashenzari_altar_1

Skill      XL: |  1  2  3  4 |
---------------+-------------+-----
Fighting       | 4 |  4.5
Dodging        | 2 |  2.2
Armour         | 3 |  3.1
Maces & Flails | |  3.6

Action                   |  1- 3 |  4- 6 || total
-------------------------+-------+-------++-------
Melee: Mace              |   109 |    60 ||   169
Invok: Berserk           |     2 |     3 ||     5
 Stab: Sleeping          |       |     1 ||     1
  Eat: Chunk             |     3 |     4 ||     7
Armor: Animal skin       |    44 |    19 ||    63
Dodge: Dodged            |    87 |    30 ||   117
